| TOP OF THE 1ST |
|
Greensboro Grasshoppers batting - Pitching for Hartford Yard Goats : LHP Bill Hussey
|
|
Pitching: LHP Bill Hussey
|
|
|
Batting: LHB Ryan Karg
|
0-0: Ground out 4-3 (Groundball, 4, EV 78.1 MPH)
|
|
Batting: RHB Alberto Bravo
|
0-0: Called Strike 0-1: Foul Ball, location: 2F 0-2: Foul Ball, location: 2F 0-2: Ball 1-2: Ball 2-2: SINGLE (Groundball, 56S, EV 65.6 MPH) (infield hit)
|
|
Batting: RHB Nate Crofts
|
0-0: Ball 1-0: Called Strike 1-1: Ball 2-1: Foul Ball, location: 2F 2-2: Foul Ball, location: 2F 2-2: Ball Alberto Bravo steals 2nd, throwing error, E2 Alberto Bravo to third 3-2: Base on Balls
|
|
Batting: LHB Angelo Estrella
|
0-0: Ball 1-0: Called Strike 1-1: Ball 2-1: Swinging Strike 2-2: Ball 3-2: Foul Ball, location: 2F 3-2: Fielders Choice at 2nd, 5-4 (Groundball, 56, EV 80.0 MPH) Alberto Bravo scores
|
|
Batting: LHB Justin Blakely
|
0-0: Called Strike Pickoff Throw to First - Error! E1 Angelo Estrella to second 0-1: Ball 1-1: Ball 2-1: Ball 3-1: Swinging Strike 3-2: Ground out 4-3 (Groundball, 4, EV 101.2 MPH)
|
| Top of the 1st over - 1 run, 1 hit, 2 errors, 1 left on base; Greensboro 1 - Hartford 0 |
| BOTTOM OF THE 1ST |
|
Hartford Yard Goats batting - Pitching for Greensboro Grasshoppers : RHP Eric Stevenson
|
|
Pitching: RHP Eric Stevenson
|
|
|
Batting: RHB John Stevenson
|
0-0: Ball 1-0: Called Strike 1-1: SINGLE (Line Drive, 4MD, EV 101.2 MPH)
|
|
Batting: RHB Chris Osting
|
0-0: Ball 1-0: Swinging Strike 1-1: Fly out, F6 (Line Drive, 6, EV 68.1 MPH)
|
|
Batting: LHB Jason Ryan
|
0-0: Called Strike 0-1: Ball 1-1: Foul Ball, location: 2F 1-2: Ball 2-2: Ball 3-2: Grounds out, U3 (Groundball, 3L, EV 98.1 MPH)
|
|
Batting: SHB Brad Madden
|
0-0: Swinging Strike 0-1: Foul Ball, location: 2F 0-2: Strikes out looking
|
| Bottom of the 1st over - 0 runs, 1 hit, 0 errors, 1 left on base; Greensboro 1 - Hartford 0 |
| TOP OF THE 2ND |
|
Greensboro Grasshoppers batting - Pitching for Hartford Yard Goats : LHP Bill Hussey
|
|
Batting: LHB Ryan Thompson
|
0-0: Ball 1-0: Ball 2-0: Ball 3-0: Base on Balls
|
|
Batting: RHB Nick Dunton
|
0-0: Ball 1-0: Foul Ball, location: 2F 1-1: Ball 2-1: Foul Ball, location: 2F 2-2: Grounds into double play, 1-4-3 (Groundball, P, EV 72.5 MPH)
|
|
Batting: LHB Jose Cabello
|
0-0: Fly out, F7 (Line Drive, 7LS, EV 90.0 MPH)
|
| Top of the 2nd over - 0 runs, 0 hits, 0 errors, 0 left on base; Greensboro 1 - Hartford 0 |
| BOTTOM OF THE 2ND |
|
Hartford Yard Goats batting - Pitching for Greensboro Grasshoppers : RHP Eric Stevenson
|
|
Batting: RHB Manny Thompson
|
0-0: Ground out 5-3 (Groundball, 25, EV 85.6 MPH)
|
|
Batting: LHB Harry Folsom
|
0-0: Ball 1-0: Called Strike 1-1: Ball 2-1: Fly out, F8 (Flyball, 8LD, EV 110.6 MPH)
|
|
Batting: RHB Carlos de Jesus
|
0-0: Called Strike 0-1: Called Strike 0-2: Ball 1-2: Ball 2-2: Ball 3-2: Base on Balls
|
|
Batting: RHB Josh Lofgreen
|
0-0: Foul Ball, location: 2F 0-1: Foul Ball, location: 2F 0-2: Ball 1-2: Ball 2-2: Strikes out swinging
|
| Bottom of the 2nd over - 0 runs, 0 hits, 0 errors, 1 left on base; Greensboro 1 - Hartford 0 |
| TOP OF THE 3RD |
|
Greensboro Grasshoppers batting - Pitching for Hartford Yard Goats : LHP Bill Hussey
|
|
Batting: RHB Dennis Coppolino
|
0-0: Ground out 5-3 (Groundball, 56, EV 91.9 MPH)
|
|
Batting: LHB Ryan Karg
|
0-0: Ball 1-0: Ball 2-0: Fly out, F9 (Flyball, 9S, EV 77.5 MPH)
|
|
Batting: RHB Alberto Bravo
|
0-0: Called Strike 0-1: Ball 1-1: Called Strike 1-2: SINGLE (Groundball, 6MD, EV 100.0 MPH)
|
|
Batting: RHB Nate Crofts
|
0-0: Ball 1-0: Ball 2-0: Ball 3-0: Base on Balls Alberto Bravo to second
|
|
Batting: LHB Angelo Estrella
|
0-0: Called Strike 0-1: Ball 1-1: Swinging Strike 1-2: Ball 2-2: Ball 3-2: Strikes out swinging
|
| Top of the 3rd over - 0 runs, 1 hit, 0 errors, 2 left on base; Greensboro 1 - Hartford 0 |
| BOTTOM OF THE 3RD |
|
Hartford Yard Goats batting - Pitching for Greensboro Grasshoppers : RHP Eric Stevenson
|
|
Batting: RHB Willie Benito
|
0-0: Ball 1-0: SOLO HOME RUN (Line Drive, 78XD, EV 101.2 MPH), Distance : 402 ft
|
|
Batting: RHB John Stevenson
|
0-0: Ball 1-0: Swinging Strike 1-1: Ball 2-1: Ball 3-1: Ground out 6-3 (Groundball, 6, EV 88.8 MPH)
|
|
Batting: RHB Chris Osting
|
0-0: Ball 1-0: Ball 2-0: Ball 3-0: TRIPLE (Line Drive, 78XD, EV 104.4 MPH)
|
|
Batting: LHB Jason Ryan
|
0-0: Called Strike 0-1: Ball 1-1: Called Strike 1-2: Strikes out swinging
|
|
Batting: SHB Brad Madden
|
0-0: Ball 1-0: Foul Ball, location: 2F 1-1: Foul Ball, location: 2F 1-2: DOUBLE (Line Drive, 9LM, EV 103.8 MPH) Chris Osting scores
|
|
Batting: RHB Manny Thompson
|
0-0: Called Strike 0-1: Called Strike 0-2: Strikes out swinging
|
| Bottom of the 3rd over - 2 runs, 3 hits, 0 errors, 1 left on base; Greensboro 1 - Hartford 2 |
| TOP OF THE 4TH |
|
Greensboro Grasshoppers batting - Pitching for Hartford Yard Goats : LHP Bill Hussey
|
|
Batting: LHB Justin Blakely
|
0-0: Ball 1-0: SINGLE (Groundball, 34D, EV 102.5 MPH)
|
|
Batting: LHB Ryan Thompson
|
0-0: Ball 1-0: Ball 2-0: Called Strike 2-1: Foul Ball, location: 2F 2-2: Strikes out swinging
|
|
Batting: RHB Nick Dunton
|
0-0: Foul Ball, location: 2F 0-1: Foul Ball, location: 2F 0-2: Ball 1-2: Ball 2-2: Foul Ball, location: 2F 2-2: Fielders Choice at 2nd, 4-6 (Groundball, 34, EV 86.9 MPH)
|
|
Batting: LHB Jose Cabello
|
0-0: Ball 1-0: Ball 2-0: Called Strike 2-1: Ball 3-1: Base on Balls Nick Dunton to second
|
|
Batting: RHB Dennis Coppolino
|
0-0: Swinging Strike 0-1: Ball 1-1: Foul Ball, location: 2F 1-2: Foul Ball, location: 2F 1-2: Foul Ball, location: 2F 1-2: Ball 2-2: Ball 3-2: Foul Ball, location: 2F 3-2: Base on Balls Nick Dunton to third Jose Cabello to second
|
|
Pitching: RHP Wilson Mendez
|
|
|
Batting: LHB Ryan Karg
|
0-0: Foul Ball, location: 2F 0-1: Called Strike 0-2: Strikes out swinging
|
| Top of the 4th over - 0 runs, 1 hit, 0 errors, 3 left on base; Greensboro 1 - Hartford 2 |
| BOTTOM OF THE 4TH |
|
Hartford Yard Goats batting - Pitching for Greensboro Grasshoppers : RHP Eric Stevenson
|
|
Batting: LHB Harry Folsom
|
0-0: Called Strike 0-1: Ball 1-1: Swinging Strike 1-2: Foul Ball, location: 2F 1-2: Foul Ball, location: 2F 1-2: Ball 2-2: SINGLE (Groundball, 4MD, EV 110.0 MPH)
|
|
Batting: RHB Carlos de Jesus
|
0-0: Ball 1-0: Swinging Strike 1-1: Fielders Choice at 2nd, 6-4 (Groundball, 6M, EV 81.2 MPH)
|
|
Batting: RHB Josh Lofgreen
|
0-0: Ball 1-0: SINGLE (Groundball, 56D, EV 100.0 MPH) Carlos de Jesus to second
|
|
Batting: RHB Willie Benito
|
0-0: Fielders Choice at 2nd, 5-4 (Groundball, 56, EV 103.1 MPH) Carlos de Jesus to third
|
|
Batting: RHB John Stevenson
|
0-0: SINGLE (Groundball, 15S, EV 67.5 MPH) (infield hit) Carlos de Jesus scores Willie Benito to second
|
|
Batting: RHB Chris Osting
|
0-0: Fielders Choice at 2nd, 5-4 (Groundball, 56, EV 100.6 MPH)
|
| Bottom of the 4th over - 1 run, 3 hits, 0 errors, 2 left on base; Greensboro 1 - Hartford 3 |
| TOP OF THE 5TH |
|
Greensboro Grasshoppers batting - Pitching for Hartford Yard Goats : RHP Wilson Mendez
|
|
Batting: RHB Alberto Bravo
|
0-0: Called Strike 0-1: Ball 1-1: Foul Ball, location: 2F 1-2: Ball 2-2: Foul Ball, location: 2F 2-2: Ball 3-2: Strikes out swinging, 2-3 out at first.
|
|
Batting: RHB Nate Crofts
|
0-0: Ball 1-0: Ball 2-0: Swinging Strike 2-1: DOUBLE (Line Drive, 5D, EV 97.5 MPH)
|
|
Batting: LHB Angelo Estrella
|
0-0: Foul Ball, location: 2F 0-1: Fly out, F6 (Line Drive, 6MD, EV 72.5 MPH) Lined into DP, 6-4 (Line Drive, 6MD, EV 74.4 MPH)
|
| Top of the 5th over - 0 runs, 1 hit, 0 errors, 0 left on base; Greensboro 1 - Hartford 3 |
| BOTTOM OF THE 5TH |
|
Hartford Yard Goats batting - Pitching for Greensboro Grasshoppers : RHP Eric Stevenson
|
|
Batting: LHB Jason Ryan
|
0-0: Ball 1-0: SINGLE (Groundball, 4M, EV 90.6 MPH) (infield hit)
|
|
Batting: SHB Brad Madden
|
0-0: Ball 1-0: Called Strike 1-1: Ball 2-1: Ground out U3 (Groundball, 3S, EV 67.5 MPH) Jason Ryan to second
|
|
Batting: RHB Manny Thompson
|
0-0: Ball 1-0: Ground out U3 (Groundball, 3L, EV 76.9 MPH) Jason Ryan to third
|
|
Batting: LHB Harry Folsom
|
0-0: Called Strike 0-1: Called Strike 0-2: Ball 1-2: Ball 2-2: Strikes out swinging
|
| Bottom of the 5th over - 0 runs, 1 hit, 0 errors, 1 left on base; Greensboro 1 - Hartford 3 |
| TOP OF THE 6TH |
|
Greensboro Grasshoppers batting - Pitching for Hartford Yard Goats : RHP Wilson Mendez
|
|
Batting: LHB Justin Blakely
|
0-0: Ball 1-0: Foul Ball, location: 2F 1-1: Ball 2-1: Foul Ball, location: 2F 2-2: Ball 3-2: Base on Balls
|
|
Batting: LHB Ryan Thompson
|
0-0: Ball 1-0: Ball 2-0: Ball 3-0: Base on Balls Justin Blakely to second
|
|
Batting: RHB Nick Dunton
|
0-0: Called Strike 0-1: Swinging Strike 0-2: Ball 1-2: Ball 2-2: Ball 3-2: Strikes out swinging
|
|
Batting: LHB Jose Cabello
|
0-0: Ball 1-0: Ball 2-0: Ball 3-0: Base on Balls Justin Blakely to third Ryan Thompson to second
|
|
Batting: RHB Dennis Coppolino
|
0-0: Called Strike 0-1: Ball 1-1: Ball 2-1: Foul Ball, location: 2F 2-2: Strikes out swinging
|
|
Batting: LHB Ryan Karg
|
0-0: Called Strike 0-1: Swinging Strike 0-2: Ball 1-2: Ball 2-2: Ball 3-2: Fly out, F8 (Line Drive, 78M, EV 90.0 MPH)
|
| Top of the 6th over - 0 runs, 0 hits, 0 errors, 3 left on base; Greensboro 1 - Hartford 3 |
| BOTTOM OF THE 6TH |
|
Hartford Yard Goats batting - Pitching for Greensboro Grasshoppers : RHP Eric Stevenson
|
|
Pitching: RHP Matt Alexander
|
|
|
Batting: RHB Carlos de Jesus
|
0-0: Ball 1-0: Called Strike 1-1: Ground out U3 (Groundball, 34, EV 101.2 MPH)
|
|
Batting: RHB Josh Lofgreen
|
0-0: Ball 1-0: Called Strike 1-1: Ball 2-1: Ball 3-1: Swinging Strike 3-2: Base on Balls
|
|
Batting: RHB Willie Benito
|
0-0: Swinging Strike 0-1: Foul Ball, location: 2F 0-2: Foul Ball, location: 2F 0-2: Strikes out swinging
|
|
Batting: RHB John Stevenson
|
0-0: Called Strike 0-1: Ball 1-1: Called Strike Josh Lofgreen is caught stealing 2nd base 2-4
|
| Bottom of the 6th over - 0 runs, 0 hits, 0 errors, 0 left on base; Greensboro 1 - Hartford 3 |
| TOP OF THE 7TH |
|
Greensboro Grasshoppers batting - Pitching for Hartford Yard Goats : RHP Wilson Mendez
|
|
Pitching: RHP Curt De Kock
|
|
|
Batting: RHB Alberto Bravo
|
0-0: Ball 1-0: Swinging Strike 1-1: Foul Ball, location: 2F 1-2: Strikes out swinging
|
|
Batting: RHB Nate Crofts
|
0-0: Called Strike 0-1: Foul Ball, location: 2F 0-2: Ground out 6-3 (Groundball, 6, EV 92.5 MPH)
|
|
Batting: LHB Angelo Estrella
|
0-0: Called Strike 0-1: DOUBLE (Line Drive, 7LD, EV 105.6 MPH)
|
|
Batting: LHB Justin Blakely
|
0-0: Called Strike 0-1: Called Strike 0-2: Ball 1-2: Strikes out looking
|
| Top of the 7th over - 0 runs, 1 hit, 0 errors, 1 left on base; Greensboro 1 - Hartford 3 |
| BOTTOM OF THE 7TH |
|
Hartford Yard Goats batting - Pitching for Greensboro Grasshoppers : RHP Matt Alexander
|
|
Pitching: RHP Bill Padgett
|
|
|
Batting: RHB John Stevenson
|
0-0: Ball 1-0: Called Strike 1-1: Called Strike 1-2: Foul Ball, location: 2F 1-2: Ball 2-2: Foul Ball, location: 2F 2-2: Fly out, F8 (Flyball, 89S, EV 76.2 MPH)
|
|
Batting: RHB Chris Osting
|
0-0: Called Strike 0-1: SINGLE (Groundball, 56S, EV 67.5 MPH) (infield hit)
|
|
Batting: LHB Jason Ryan
|
0-0: Called Strike 0-1: Ball 1-1: Ball 2-1: Foul Ball, location: 2F 2-2: Ball 3-2: Base on Balls Chris Osting to second
|
|
Batting: SHB Brad Madden
|
0-0: Ball 1-0: Called Strike 1-1: Called Strike 1-2: Ball 2-2: Strikes out swinging
|
|
Batting: RHB Manny Thompson
|
0-0: Ground out 3-1 (Groundball, 34S, EV 81.2 MPH)
|
| Bottom of the 7th over - 0 runs, 1 hit, 0 errors, 2 left on base; Greensboro 1 - Hartford 3 |
| TOP OF THE 8TH |
|
Greensboro Grasshoppers batting - Pitching for Hartford Yard Goats : RHP Curt De Kock
|
|
Batting: LHB Ryan Thompson
|
0-0: Fly out, F9 (Line Drive, 9, EV 92.5 MPH)
|
|
Batting: RHB Nick Dunton
|
0-0: Called Strike 0-1: Ball 1-1: Called Strike 1-2: Ball 2-2: Foul Ball, location: 2F 2-2: Strikes out swinging
|
|
Batting: LHB Jose Cabello
|
0-0: Ball 1-0: Ball 2-0: Ball 3-0: Base on Balls
|
|
Batting: RHB Dennis Coppolino
|
0-0: Called Strike 0-1: Fly out, F8 (Line Drive, 8LM, EV 103.1 MPH)
|
| Top of the 8th over - 0 runs, 0 hits, 0 errors, 1 left on base; Greensboro 1 - Hartford 3 |
| BOTTOM OF THE 8TH |
|
Hartford Yard Goats batting - Pitching for Greensboro Grasshoppers : RHP Bill Padgett
|
|
Pitching: RHP Felix Moreno
|
|
|
Batting: LHB Harry Folsom
|
0-0: Ball 1-0: Ball 2-0: Ball 3-0: Called Strike 3-1: Swinging Strike 3-2: Foul Ball, location: 2F 3-2: Fly out, F8 (Flyball, 8LS, EV 93.8 MPH)
|
|
Batting: RHB Carlos de Jesus
|
0-0: Ball 1-0: Ball 2-0: Ball 3-0: Called Strike 3-1: Foul Ball, location: 2F 3-2: Foul Ball, location: 2F 3-2: Strikes out looking
|
|
Batting: RHB Josh Lofgreen
|
0-0: Called Strike 0-1: Ball 1-1: Swinging Strike 1-2: DOUBLE (Flyball, 8RD, EV 88.1 MPH)
|
|
Batting: RHB Willie Benito
|
0-0: Ball 1-0: Called Strike 1-1: Ball 2-1: Foul Ball, location: 2F 2-2: Foul Ball, location: 2F 2-2: Foul Ball, location: 2F 2-2: Ball 3-2: Strikes out looking
|
| Bottom of the 8th over - 0 runs, 1 hit, 0 errors, 1 left on base; Greensboro 1 - Hartford 3 |
| TOP OF THE 9TH |
|
Greensboro Grasshoppers batting - Pitching for Hartford Yard Goats : RHP Curt De Kock
|
|
Pitching: RHP Jonathan Alldritt
|
|
|
Batting: LHB Ryan Karg
|
0-0: Ball 1-0: Called Strike 1-1: Ball 2-1: SOLO HOME RUN (Flyball, 89XD, EV 97.5 MPH), Distance : 401 ft
|
|
Batting: RHB Alberto Bravo
|
0-0: Called Strike 0-1: Ball 1-1: Called Strike 1-2: Foul Ball, location: 2F 1-2: Strikes out swinging
|
|
Batting: RHB Nate Crofts
|
0-0: Called Strike 0-1: Called Strike 0-2: Fly out, F9 (Flyball, 89D, EV 89.4 MPH)
|
|
Batting: LHB Angelo Estrella
|
0-0: Ball 1-0: Ground out 5-3 (Groundball, 5L, EV 87.5 MPH)
|
| Top of the 9th over - 1 run, 1 hit, 0 errors, 0 left on base; Greensboro 2 - Hartford 3 |
|